 Dungeon Crawl Stone Soup version 0.32-a0-136-gc02482bde3 (webtiles) character file.

Game seed: 15086747158396912607

90 zeratav the Sneak (level 4, 0/29 HPs)
             Began as an Octopode Shapeshifter on Feb 10, 2024.
             Slain by an orc wizard
             ... wielding a +0 dagger
              (3 damage)
             ... on level 3 of the Dungeon.
             The game lasted 00:02:19 (2180 turns).

zeratav the Sneak (Octopode Shapeshifter)           Turns: 2180, Time: 00:02:20

Health: 0/29       AC:  1    Str: 15    XL:     4   Next: 56%
Magic:  4/4        EV: 13    Int: 12    God:
Gold:   193        SH:  0    Dex: 14    Spells: 3/3 levels left

rFire   . . .        l - +8 falchion of Circularity {flame, rPois rC++ Dex+3, long}
rCold   + + .        (no shield)
rNeg    . . .        (helmet currently unavailable)
rPois   +            m - amulet of the acrobat
rElec   .            (no ring)
rCorr   .            (no ring)
SInv    .            (no ring)
Will    .....        (no ring)
Stlth   +++++        (no ring)
HPRegen 0.24/turn    (no ring)
MPRegen 0.09/turn    (no ring)
                     (no ring)

%: acrobat
@: beast-form
A: beast (slay +1), almost no armour, amphibious, 8 rings, camouflage 1,
gelatinous body 1, nimble swimmer 1, tentacles
a: Begin Untransformation


You were on level 3 of the Dungeon.
You were a hulking beast.
You visited 1 branch of the dungeon, and saw 3 of its levels.

You collected 193 gold pieces.


Innate Abilities, Weirdness & Mutations

You are a hulking beast.
Your limbs bulge with bestial killing power. (Slay +1)
You cannot wear most types of armour.
You are amphibious.
You can wear up to eight rings at the same time.
Your skin changes colour to match your surroundings (Stealth+).
Your rubbery body absorbs attacks. (AC +1, EV +1)
You are camouflaged when in or above water. (Stealth+)
You have tentacles for arms and can constrict up to eight enemies at once.


   Skills:
 + Level 2.2 Fighting
 - Level 2.0 Dodging
 - Level 5.0 Stealth
 - Level 3.0 Unarmed Combat
 - Level 3.0 Shapeshifting


You had 3 spell levels left.
You didn't know any spells.
Your spell library contained the following spells:

 Spells                   Type           Power      Damage    Failure   Level
 Summon Small Mammal      Summ           0%         N/A       32%         1
 Lesser Beckoning         Tloc           0%         N/A       45%         2
 Call Canine Familiar     Summ           0%         N/A       69%         3
 Gell's Gravitas          Tloc           0%         N/A       69%         3
 Teleport Other           Tloc           0%         N/A       69%         3
 Summon Blazeheart Golem  Fire/Summ      0%         N/A       97%         4

Inventory:

Hand Weapons
 l - the +8 falchion of Circularity (weapon) {flame, rPois rC++ Dex+3, long}
   (You found it on level 3 of the Dungeon)

   Dex+3:     It affects your dexterity (+3).
   rC++:      It greatly protects you from cold.
   rPois:     It protects you from poison
Missiles
 i - 6 datura-tipped darts (quivered) {throwing}
 j - 8 poisoned darts {throwing}
Jewellery
 m - an amulet of the acrobat (around mantle)
   (You found it on level 3 of the Dungeon)
 p - a ring of ice
   (You found it on level 3 of the Dungeon)
Talismans
 b - a beast talisman
 c - a flux talisman
 o - a storm talisman
   (You found it on level 3 of the Dungeon)
Scrolls
 e - a scroll of enchant armour {unknown}
 f - 2 scrolls of poison {unknown}
 h - 2 scrolls of amnesia {unknown}
 k - a scroll of identify {unknown}
Potions
 a - a potion of lignification {!q}
 d - a potion of mutation {unknown}
 g - a potion of curing {unknown}
 n - a potion of resistance {unknown}

Dungeon Overview and Level Annotations

Branches:
Dungeon (3/15) Zot: 15819

Altars:
Sif Muna

#......###..# ####
#.##.#...##.## ########
#
#.##...###...###......#
#
#.##.#..#.._..##.####.#
#
#.##.#.##.ß.ß.#....##.#
#
#.......###'####.#.##.#
####.#####...# #......#
#...# #...# ###.####
###.# #≈h≈###.#.####
#.# #)>o##.......#
#.########..####.# ##
##.##........# #.#####.
#..##........# #.......
#.###....)..## #)#####.
#.# #.......# #.# ##
#.# #.......# #.# #.#
#############.#


You could see an orc wizard.


Message History

You see here 5 gold pieces.
You see here 15 gold pieces.
The helpless hobgoblin fails to defend itself.
You slice the hobgoblin!! You burn the hobgoblin.
You kill the hobgoblin!
No target in view!
No target in view!
No target in view!
No target in view!
No target in view!
No target in view!
No target in view!
No target in view!
No target in view!
No target in view!
No target in view!
No target in view!
No target in view!
You now have 188 gold pieces (gained 15).
You now have 193 gold pieces (gained 5).
A bat comes into view.
A bat is nearby!
A bat is nearby!
A bat is nearby!
The helpless bat fails to defend itself.
You slash the bat! You burn the bat.
You kill the bat!
No target in view!
No target in view!
No target in view!
No target in view!
No target in view!
No target in view!
No target in view!
No target in view!
No target in view!
No target in view!
No target in view!
No target in view!
No target in view!
A goblin comes into view. It is wielding a +0 dagger.
Unknown command.
Found a faded altar of an unknown god.
The helpless goblin fails to defend itself.
You slash the goblin! You burn the goblin.
You kill the goblin!
No target in view!
No target in view!
No target in view!
No target in view!
No target in view!
No target in view!
You see here a hobgoblin corpse.
You see here 4 stones {throwing}.
You see here a hobgoblin corpse.
Found a shimmering blue altar of Sif Muna.
You open the door. 2 orc wizards come into view.
Found Sif Muna's Directory of Conjury.
Found an escape hatch in the floor.
There is an open door here.
You enter the deep water.
The helpless orc wizard fails to defend itself.
You hit the orc wizard. You burn the orc wizard. You grab the orc wizard.
You squeeze the orc wizard. You constrict the orc wizard.
The orc wizard points at you and mumbles some strange words.
The puff of flame hits you!
The orc wizard hits you but does no damage.
The orc wizard shouts!
You completely miss the orc wizard.
You are engulfed in a cloud of scalding steam.
* * * LOW HITPOINT WARNING * * *
You constrict the orc wizard.
The orc wizard hits you with a +0 dagger.
* * * LOW HITPOINT WARNING * * *
The orc wizard hits you but does no damage.
You are too injured to fight recklessly!
You are too injured to fight recklessly!
HP[-20]
You take 20 damage, and now have 9/29 hp.
MASSIVE DAMAGE!! (PAUSE)
You are too injured to fight recklessly!
You are too injured to fight recklessly!
You are too injured to fight recklessly!
You are too injured to fight recklessly!
You are too injured to fight recklessly!
You are too injured to fight recklessly!
You are too injured to fight recklessly!
You are too injured to fight recklessly!
You are too injured to fight recklessly!
You are too injured to fight recklessly!
You are too injured to fight recklessly!
You are too injured to fight recklessly!
You are too injured to fight recklessly!
Unknown command.
You slash the orc wizard! You burn the orc wizard.
You kill the orc wizard!
You are engulfed in a cloud of scalding steam.
* * * LOW HITPOINT WARNING * * *
The orc wizard hits you with a +0 dagger.
You die...

Skill      XL: |  1  2  3 |
---------------+----------+-----
Stealth        | 2 3 5 |  5.0
Fighting       | 2 |  2.2
Dodging        | |  2.0
Unarmed Combat | |  3.0
Shapeshifting  | |  3.0

Action                     |  1- 3 |  4- 6 || total
---------------------------+-------+-------++-------
  Melee: Unarmed           |    74 |       ||    74
         Constrict         |    19 |     1 ||    20
         Tentacles         |    12 |     1 ||    13
         Punch             |     2 |       ||     2
         Falchion          |     5 |     9 ||    14
   Stab: Sleeping          |    18 |     4 ||    22
 Armour: Skin              |    27 |     9 ||    36
  Dodge: Dodged            |    30 |       ||    30

Levels and vault maps discovered:
D:1:      shiori_angband_town, layout_basic
D:2:      layout_loops_ring
D:3:      layout_loops_cross, led_sif_book,
          hellmonk_ecumenical_altar_leap_of_faith, grunt_ministairs_1,
          st_stairs_12

Notes
Turn   | Place    | Note
-------+----------+-------------------------------------------
     0 | D:1      | zeratav the Octopode Shapeshifter began the quest for the
                  | Orb.
     0 | D:1      | Reached XP level 1. HP: 13/13 MP: 1/1
     0 | D:1      | magus.rc [v1.9.6]
   144 | D:1      | Reached skill level 1 in Stealth
   215 | D:1      | Reached skill level 2 in Stealth
   223 | D:1      | Reached XP level 2. HP: 11/18 MP: 2/2
   305 | D:1      | Reached skill level 3 in Stealth
   816 | D:2      | Reached XP level 3. HP: 23/23 MP: 3/3
   935 | D:2      | Reached skill level 4 in Stealth
  1441 | D:2      | You pick up a book of Callings and begin reading...
  1441 | D:2      | You add the spells Summon Small Mammal, Call Canine
                  | Familiar and Summon Blazeheart Golem to your library.
  1582 | D:3      | Identified the +8 falchion of Circularity {flame, rPois
                  | rC++ Dex+3}
  1606 | D:3      | You pick up a book of Displacement and begin reading...
  1606 | D:3      | You add the spells Lesser Beckoning, Gell's Gravitas and
                  | Teleport Other to your library.
  1712 | D:3      | Reached skill level 5 in Stealth
  1877 | D:3      | Reached skill level 2 in Fighting
  1877 | D:3      | Reached XP level 4. HP: 29/29 MP: 4/4
  2114 | D:3      | Found a faded altar of an unknown god.
  2167 | D:3      | Found a shimmering blue altar of Sif Muna.
  2180 | D:3      | HP: 3/29 [something (6)]
  2180 | D:3      | Slain by an orc wizard

Vanquished Creatures
  An iguana (D:3)
  An orc wizard (D:3)
  A dart slug (D:2)
  2 ribbon worms
  An orc (D:3)
  7 endoplasms
  5 goblins
  7 hobgoblins
  5 jackals (D:1)
  3 kobolds
  3 quokkas (D:2)
  8 ball pythons
  4 bats
  3 frilled lizards
  3 rats
54 creatures vanquished.

Table legend:
 A = Non-vault XP
 B = Vault XP
 C = Vault XP percentage of total XP
 D = Non-vault monster count
 E = Vault monster count
 F = Vault count percentage of total count
                 A         B        C        D         E       F
            +---------+---------+-------+---------+---------+-------
      Total |      90 |      72 |  44.4 |      50 |       4 |   7.4
            +---------+---------+-------+---------+---------+-------
        D:1 |      33 |       0 |   0.0 |      19 |       0 |   0.0
        D:2 |      38 |       0 |   0.0 |      22 |       0 |   0.0
        D:3 |      19 |      72 |  79.1 |       9 |       4 |  30.8
            +---------+---------+-------+---------+---------+-------

Skill      XL: |  1  2  3 |
---------------+----------+-----
Stealth        | 2 3 5 |  5.0
Fighting       | 2 |  2.2
Dodging        | |  2.0
Unarmed Combat | |  3.0
Shapeshifting  | |  3.0

Action                     |  1- 3 |  4- 6 || total
---------------------------+-------+-------++-------
  Melee: Unarmed           |    74 |       ||    74
         Constrict         |    19 |     1 ||    20
         Tentacles         |    12 |     1 ||    13
         Punch             |     2 |       ||     2
         Falchion          |     5 |     9 ||    14
   Stab: Sleeping          |    18 |     4 ||    22
 Armour: Skin              |    27 |     9 ||    36
  Dodge: Dodged            |    30 |       ||    30

Illustrated notes

Table legend:
 A = Kills in this place as a percentage of kills in the entire game.
 B = Kills by you in this place as a percentage of kills by you in the entire game.
 C = Kills by friends in this place as a percentage of kills by friends in the entire game.
 D = Other kills in this place as a percentage of other kills in the entire game.
 E = Experience gained in this place as a percentage of experience gained in the entire game.
 F = Experience gained in this place divided by the number of levels of this place that you have seen.
                   A       B       C       D       E      F
               +-------+-------+-------+-------+-------+----------------------
         Total | 100.0 | 100.0 |   N/A |   N/A | 100.0 |  54.0
       Dungeon | 100.0 | 100.0 |   N/A |   N/A | 100.0 |  54.0
               +-------+-------+-------+-------+-------+----------------------

Table legend: (Time is in decaauts)
 A = Elapsed time spent in this place.
 B = Non-inter-level travel time spent in this place.
 C = Inter-level travel time spent in this place.
 D = Time resting spent in this place.
 E = Time spent auto-exploring this place.
 F = Levels seen in this place.
 G = Mean time per level.
                   A        B        C        D        E       F      G
               +--------+--------+--------+--------+--------+-----+--------+
         Total |   2179 |   2018 |    161 |     49 |   1643 |   3 |  726.3 |
       Dungeon |   2179 |   2018 |    161 |     49 |   1643 |   3 |  726.3 |
               +--------+--------+--------+--------+--------+-----+--------+

Top non-repeatable levels by time:
     D:1: 795 daAuts
     D:2: 772 daAuts
     D:3: 611 daAuts
